Map: Simulacrum LE

Players

Epic

  • Race: Zerg Zerg
  • League: Grandmaster
  • Spawn Location: 11:00

BerryRAWR - Winner!

  • Race: Terran Terran
  • League: Master
  • Spawn Location: 5:00

VOD

Have the link to the VOD?

Description

Time

  • Played on: April 28, 2020, 11:44 p.m.
  • Length: 15:15
Show
View Real Time Build Order
Export as new Build Order

Epic Zerg 

Build Orders: Hatch First, Muta Ling Bane 

Get SALT Encoding   

  12  0:00  Drone  
  13  0:12  Overlord  
  13  0:17  Drone  
  14  0:30  Drone x2  
  16  0:48  Hatchery  
  15  0:51  Drone  
  15  0:54  Drone  
  17  0:58  Drone  
  18  1:09  Extractor  
  17  1:13  Spawning Pool  
  17  1:17  Drone  
  17  1:20  Drone  
  18  1:30  Drone  
  19  1:39  Drone  
  20  1:49  Overlord  
  20  2:00  Queen x2  
  25  2:01  Zergling x4  
  26  2:18  Hatchery  
  25  2:23  Metabolic Boost  
  25  2:27  Drone  
  26  2:30  Drone  
  26  2:33  Drone  
  27  2:38  Drone x2  
  29  2:44  Overlord  
  29  2:48  Drone  
  30  2:52  Drone  
  30  2:55  Spore Crawler  
  30  2:59  Drone x2  
  33  3:06  Overlord, Drone  
  33  3:11  Drone x2  
  33  3:12  Drone  
  37  3:15  Drone  
  37  3:18  Queen  
  40  3:21  Drone  
  41  3:27  Queen  
  41  3:29  Zergling x2  
  44  3:38  Zergling x6  
  47  3:43  Queen  
  47  3:45  Drone x3  
  47  3:46  Drone  
  54  3:48  Drone  
  54  3:53  Baneling Nest  
  53  3:56  Queen  
  53  4:01  Drone x2  
  57  4:07  Lair  
  57  4:09  Overlord  
  57  4:12  Overlord  
  57  4:15  Overlord  
  57  4:24  Overlord x2  
  57  4:29  Drone x2  
  57  4:30  Drone x4  
  63  4:34  Drone x2  
  63  4:37  Drone x2  
  63  4:38  Drone  
  68  4:39  Drone  
  68  4:40  Drone  
  69  4:45  Overlord  
  69  4:52  Drone x2  
  71  4:53  Drone x3  
  71  4:56  Extractor x2  
  70  5:04  Drone x3  
  71  5:09  Hatchery  
  67  5:14  Zergling x8  
  67  5:20  Zergling x6  
  49  5:36  Drone x7  
  49  5:40  Drone  
  55  5:54  Drone x4  
  56  5:58  Drone  
  56  6:05  Drone  
  57  6:13  Centrifical Hooks  
  57  6:16  Drone  
  58  6:24  Drone x4  
  62  6:26  Drone  
  62  6:27  Drone  
  62  6:29  Drone  
  62  6:32  Drone  
  66  6:37  Drone x3  
  66  6:38  Drone  
  70  6:42  Zergling x6  
  70  6:44  Zergling x2  
  70  6:46  Zergling x2  
  76  6:47  Zergling x2  
  76  6:53  Zergling x10  
  81  6:56  Zergling x4  
  81  6:59  Zergling x4  
  81  7:00  Zergling x2  
  86  7:02  Zergling x2  
  86  7:04  Zergling x4  
  86  7:05  Baneling x2  
  86  7:06  Baneling  
  86  7:07  Baneling  
  89  7:11  Baneling x8  
  89  7:12  Zergling x2  
  90  7:17  Zergling x6  
  90  7:18  Zergling x2  
  94  7:23  Spire  
  94  7:24  Baneling x4  
  94  7:27  Zergling x6  
  95  7:33  Drone x5  
  95  7:34  Drone  
  95  7:36  Drone x2  
  103  7:40  Overlord  
  103  7:41  Overlord  
  103  7:46  Overlord x2  
  103  7:54  Overlord x4  
  103  8:01  Zergling x2  
  103  8:02  Zergling x12  
  103  8:03  Zergling x2  
  111  8:16  Drone  
  111  8:17  Spore Crawler  
  102  8:37  Mutalisk x5, Drone x4  
  102  8:39  Zergling x18  
  125  8:43  Spore Crawler  
  123  8:51  Zergling x16  
  129  8:57  Hatchery  
  129  8:58  Drone x3  
  129  9:00  Zergling x2, Extractor  
  129  9:01  Extractor  
  130  9:03  Zergling x4  
  130  9:04  Zergling x4  
  130  9:08  Mutalisk x2  
  138  9:16  Baneling x2  
  138  9:17  Hatchery  
  116  9:28  Zergling x20  
  106  9:32  Zergling x2  
  106  9:33  Zergling x8, Overseer  
  106  9:38  Zergling x4  
  113  9:44  Mutalisk  
  116  9:52  Drone  
  116  9:53  Drone x3  
  116  9:54  Evolution Chamber x2  
  116  9:57  Extractor  
  116  10:01  Queen  
  116  10:04  Drone x5  
  123  10:08  Baneling x2  
  123  10:09  Baneling x5  
  123  10:10  Zergling x12  
  127  10:16  Overlord  
  127  10:19  Mutalisk  
  126  10:23  Zergling x18  
  130  10:32  Queen x2  
  130  10:34  Queen  
  130  10:35  Zerg Melee Weapons Level 1, Zerg Ground Armor Level 1  
  132  10:36  Zergling x12  
  138  10:44  Zergling x16  
  138  10:46  Baneling x6  
  147  10:50  Drone x4  
  150  10:59  Drone x4  
  150  11:00  Drone x3  
  150  11:02  Baneling x7  
  150  11:03  Baneling  
  133  11:20  Zergling x20, Baneling x14  
  133  11:23  Zergling x2  
  133  11:24  Zergling x4  
  146  11:25  Baneling  
  146  11:26  Baneling x3  
  146  11:27  Zergling x2  
  146  11:28  Zergling x4  
  146  11:30  Zergling x2  
  146  11:32  Zergling x4  
  152  11:33  Zergling x4  
  152  11:34  Zergling x2  
  155  11:40  Drone x2  
  155  11:41  Infestation Pit, Drone x3  
  155  11:46  Zergling x12  
  166  11:47  Zergling x2  
  166  11:52  Mutalisk x3  
  172  11:58  Overlord x3  
  172  11:59  Overlord  
  171  12:04  Overseer  
  171  12:11  Overlord  
  171  12:12  Overlord x2  
  154  12:24  Zergling x36  
  154  12:26  Hive  
  165  12:30  Baneling x14  
  165  12:31  Baneling x2  
  163  12:39  Zergling x18  
  163  12:54  Zergling x28  
  152  13:01  Zergling x10  
  144  13:08  Mutalisk x6  
  147  13:16  Zergling x2  
  147  13:17  Zergling x12  
  127  13:27  Zergling x12  
  127  13:32  Zergling x4  
  125  13:36  Zergling x8  
  125  13:41  Zergling x2  
  121  13:45  Zergling x10  
  113  13:57  Zergling x24  
  113  14:01  Baneling  
  113  14:02  Baneling x4  
  124  14:04  Drone  
  124  14:06  Overseer  
  124  14:07  Zergling x2  
  124  14:08  Zergling x2  
  124  14:09  Hatchery  
  125  14:16  Ultralisk Cavern  
  124  14:22  Mutalisk x2  
  124  14:23  Baneling x2  
  125  14:25  Zergling x6  
  125  14:26  Zergling x2  
  125  14:28  Zergling x4  
  131  14:34  Baneling x5  
  127  14:40  Zergling x14  
  133  14:45  Baneling x3  
  133  14:46  Baneling  
  119  14:56  Zergling x22  
Show
View Real Time Build Order
Export as new Build Order

BerryRAWR Terran - Winner!

Build Orders: Gas First Reaper Expand, Liberator Opening 

Get SALT Encoding   

  12  0:01  SCV  
  13  0:13  SCV  
  14  0:17  Supply Depot  
  14  0:25  SCV  
  15  0:29  Refinery  
  15  0:39  SCV  
  16  0:45  Barracks  
  16  0:51  SCV  
  17  1:03  SCV  
  18  1:15  SCV  
  19  1:33  Reaper  
  19  1:34  Orbital Command  
  20  1:43  Command Center  
  20  1:57  Factory  
  20  2:01  SCV  
  21  2:11  Barracks Reactor  
  21  2:13  SCV  
  22  2:20  Supply Depot  
  22  2:25  SCV  
  22  2:27  Refinery  
  23  2:41  SCV  
  24  2:53  SCV, Hellion, Starport  
  24  2:54  Hellion  
  29  3:04  Marine  
  30  3:08  SCV, Orbital Command  
  31  3:15  Hellion x2  
  35  3:20  SCV  
  36  3:29  Supply Depot  
  36  3:32  SCV, Liberator  
  40  3:35  SCV  
  41  3:42  Hellion  
  41  3:44  Hellion  
  45  3:49  SCV  
  45  3:50  SCV  
  45  3:53  Supply Depot  
  47  4:01  SCV  
  47  4:02  SCV  
  49  4:13  SCV  
  49  4:14  SCV  
  49  4:16  Command Center, Factory Tech Lab  
  51  4:23  Supply Depot  
  51  4:25  SCV  
  51  4:26  SCV, Barracks Tech Lab  
  51  4:28  Liberator  
  56  4:37  SCV  
  57  4:39  SCV  
  57  4:42  Siege Tank  
  61  4:49  SCV  
  61  4:50  Marine  
  61  4:51  Stimpack  
  61  4:52  SCV  
  64  4:58  Barracks  
  64  5:00  Barracks  
  64  5:01  SCV  
  64  5:06  SCV  
  66  5:08  Marine  
  66  5:13  SCV  
  68  5:21  Siege Tank  
  68  5:28  Marine  
  67  5:30  SCV  
  67  5:32  Engineering Bay  
  67  5:34  Engineering Bay  
  66  5:36  Barracks x2  
  66  5:38  SCV, Orbital Command  
  61  5:46  SCV  
  59  5:50  SCV, Refinery  
  59  5:51  Refinery  
  59  5:52  Barracks Reactor, Starport Reactor  
  59  5:54  Marine x2  
  62  5:59  SCV  
  62  6:03  SCV  
  64  6:05  Marine  
  64  6:08  SCV, Terran Infantry Weapons Level 1  
  64  6:09  Terran Infantry Armor Level 1  
  66  6:13  SCV  
  67  6:18  Supply Depot  
  67  6:19  Supply Depot  
  67  6:20  Marine x2  
  67  6:21  Siege Tank  
  67  6:24  SCV  
  67  6:25  SCV  
  74  6:29  Marine x3  
  77  6:34  Barracks Reactor  
  77  6:36  Barracks Reactor  
  77  6:37  SCV  
  78  6:40  Marine  
  78  6:41  Marine  
  78  6:42  Medivac  
  78  6:46  Supply Depot  
  78  6:47  Marine  
  82  6:48  Supply Depot  
  82  6:49  Supply Depot x2  
  82  6:50  SCV  
  82  6:51  SCV  
  85  6:54  Marine x2  
  85  6:58  Armory, Marine  
  85  6:59  Medivac  
  85  7:00  Marine  
  91  7:02  Supply Depot  
  91  7:03  SCV  
  91  7:04  Marine  
  91  7:05  Orbital Command  
  93  7:09  SCV  
  93  7:10  Supply Depot  
  93  7:11  Siege Tank  
  93  7:12  Marine x2  
  93  7:14  Combat Shield  
  93  7:15  SCV  
  100  7:21  SCV  
  101  7:28  SCV  
  102  7:30  SCV  
  102  7:31  Command Center  
  102  7:33  SCV  
  102  7:34  Bunker  
  102  7:36  Supply Depot, Marine  
  105  7:42  Supply Depot  
  105  7:44  SCV x2, Supply Depot  
  105  7:46  Marauder, Refinery, Marine, Siege Tank  
  105  7:48  Marine  
  114  7:54  SCV  
  114  7:56  SCV  
  116  8:00  Marine x5  
  116  8:01  Medivac x2  
  126  8:05  SCV  
  126  8:07  Terran Infantry Weapons Level 2  
  126  8:09  SCV x2  
  128  8:15  Refinery  
  128  8:29  Marine x2  
  128  8:30  Marauder, Marine x6  
  128  8:33  Terran Infantry Armor Level 2  
  136  8:35  SCV  
  136  8:36  Siege Tank  
  136  8:37  Barracks  
  136  8:38  SCV  
  136  8:39  Sensor Tower, Barracks x2  
  141  8:47  Marine x3  
  141  8:48  Marine x2  
  145  8:51  Marauder  
  145  8:52  Marine x3  
  145  8:58  Terran Vehicle Weapons Level 1  
  142  9:04  Command Center  
  142  9:05  Marine x4  
  142  9:06  Marine  
  142  9:08  Siege Tank  
  150  9:12  Marine  
  150  9:13  Marauder, Marine x2  
  146  9:31  Marine x4  
  109  9:32  Marine x7  
  109  9:34  Marauder  
  117  9:39  Planetary Fortress  
  117  9:42  Missile Turret  
  117  9:43  Missile Turret  
  117  9:48  Marine  
  117  9:49  Marine x4  
  117  9:50  Drilling Claws, Marine, Siege Tank  
  117  9:51  Barracks Reactor  
  117  9:52  Barracks Tech Lab  
  126  9:53  Barracks Tech Lab  
  126  9:55  Marauder  
  126  9:58  Missile Turret  
  126  9:59  Missile Turret, Marine x2  
  130  10:04  Missile Turret  
  130  10:06  Marine x2  
  132  10:08  Concussive Shells  
  132  10:10  Marine  
  132  10:13  Marine x4  
  132  10:14  Marine  
  138  10:16  Marine  
  138  10:17  Marauder  
  138  10:20  Missile Turret  
  123  10:30  SCV  
  123  10:31  SCV x2  
  122  10:37  Marine x3  
  122  10:38  Widow Mine  
  122  10:40  SCV  
  122  10:42  SCV, Factory  
  127  10:43  SCV x2  
  132  10:50  Command Center  
  132  10:52  SCV  
  132  10:54  SCV, Terran Infantry Weapons Level 3  
  132  10:55  Terran Infantry Armor Level 3  
  132  10:56  Marine  
  130  10:57  Marine  
  130  10:59  Marine x3  
  130  11:01  Marine  
  130  11:02  Marine  
  125  11:14  Medivac x2  
  125  11:16  Marine x3  
  125  11:17  Marauder x2  
  123  11:19  Widow Mine, Marine  
  123  11:20  Marine x5  
  123  11:22  SCV x2  
  123  11:24  Planetary Fortress  
  133  11:26  SCV  
  133  11:27  SCV  
  135  11:35  Marauder, Marine x3  
  135  11:37  SCV  
  141  11:46  Missile Turret  
  141  11:50  Widow Mine, Marine x2  
  141  11:51  Marauder x2, Marine x5  
  154  11:54  Medivac  
  154  11:56  Missile Turret  
  154  11:57  Missile Turret, Marauder, Marine x2  
  154  11:58  Marine  
  161  12:08  Marine x3  
  161  12:09  Marine  
  161  12:14  Widow Mine  
  167  12:21  Marauder, Marine x7  
  167  12:22  Marine  
  177  12:29  Medivac  
  179  12:35  Widow Mine  
  181  12:37  Command Center  
  181  12:39  Factory Reactor  
  176  12:55  Medivac  
  176  12:56  Widow Mine  
  145  13:02  Marine  
  145  13:03  Marauder, Marine x6  
  145  13:05  Marine x3  
  129  13:08  Marauder, Marine  
  131  13:18  Widow Mine  
  131  13:19  SCV x3  
  131  13:20  SCV, Marine x3  
  131  13:21  Marine x4  
  131  13:24  Planetary Fortress  
  133  13:27  Marine x4  
  133  13:28  Marauder  
  133  13:29  Marine  
  133  13:31  SCV  
  139  13:37  Widow Mine x2  
  139  13:38  Marine  
  139  13:39  Widow Mine  
  145  13:46  Marauder  
  136  13:55  Marine  
  136  13:56  Marauder x2, Marine x7  
  136  13:58  Widow Mine x2  
  136  14:01  Widow Mine  
  152  14:08  Marine x2  
  152  14:09  Marauder  
  156  14:10  Medivac x2  
  156  14:13  Marine  
  161  14:17  Marauder  
  161  14:22  Widow Mine  
  161  14:23  Marauder, Marine x5  
  161  14:24  Sensor Tower  
  172  14:25  Widow Mine  
  172  14:26  Widow Mine  
  176  14:32  Marine x4  
  176  14:33  Marauder, Marine  
  176  14:36  SCV x4  
  187  14:39  Marauder  
  187  14:41  Marine x2  
  191  14:49  Marauder, Marine  
  185  14:56  Marine x4  
  185  14:57  Marine  
Tags
 
Add a new tag
Caveats
  • Supply blocks, unpowered buildings, or Contaminate may cause inaccurate times.
  • Supply counts are checked every 10 seconds.